 Dungeon Crawl Stone Soup version 0.29.1-13-g9f3cf754e1 (webtiles) character file.

Game seed: 17152749468644206972

37580 DemonSlayer the Thaumaturge (level 13, -10/91 HPs)
             Began as a Demonspawn Earth Elementalist on Jan 25, 2023.
             Was the Champion of Cheibriados.
             Mangled by an ironbound preserver
             ... wielding a +0 morningstar
              (23 damage)
             ... on level 14 of the Dungeon.
             The game lasted 00:43:38 (22238 turns).

DemonSlayer the Thaumaturge (DsEE)                 Turns: 22238, Time: 00:43:39

Health: -10/91     AC: 13    Str: 27    XL:     13   Next: 59%
Magic:  7/37       EV: 22    Int: 33    God:    Cheibriados [******]
Gold:   1115       SH:  0    Dex: 29    Spells: 0/35 levels left

rFire   . . .      SeeInvis .   e - +5 triple sword (vorpal)
rCold   . . .      Faith    .   (shield currently unavailable)
rNeg    . . .      Spirit   .   E - +1 troll leather armour
rPois   .          Reflect  .   b - +1 helmet
rElec   .          Harm     .   w - +0 cloak
rCorr   .          Rampage  .   (no gloves)
Will    .....                   l - +0 pair of boots
Stlth   +++.......              c - amulet of regeneration
HPRegen 1.85/turn               M - +4 ring of evasion
MPRegen 0.25/turn               G - ring of magical power

@: about to teleport, slowed, very slow
A: claws 2, slimy green scales 2, foul stench 3, condensation shield
a: Renounce Religion, Bend Time, Temporal Distortion, Slouch, Step From Time


You were on level 14 of the Dungeon.
You worshipped Cheibriados.
Cheibriados was exalted by your worship.
You visited 2 branches of the dungeon, and saw 17 of its levels.

You collected 1115 gold pieces.

Inventory:

Hand Weapons
 e - a +5 vorpal triple sword (weapon)
Missiles
 m - 4 throwing nets
 x - 5 curare-tipped darts
Armour
 b - a +1 helmet (worn)
 l - a +0 pair of boots (worn)
 w - a +0 cloak (worn)
 E - a +1 troll leather armour (worn)
Jewellery
 c - an amulet of regeneration (around neck)
 i - a ring of protection from fire
 y - a ring of positive energy
 G - a ring of magical power (right claw)
 H - a ring of willpower
 K - a ring of poison resistance
 M - a +4 ring of evasion (left claw)
 N - a ring of resist corrosion
Wands
 j - a wand of iceblast (12)
 n - a wand of paralysis (14)
 z - a wand of flame (20)
 D - a wand of polymorph (6)
Scrolls
 a - a scroll of butterflies
 r - a scroll of teleportation
 t - 2 scrolls of torment
 v - a scroll of poison
 B - a scroll of silence
 F - a scroll of immolation
 J - 2 scrolls of amnesia
 L - a scroll of enchant armour
 P - a scroll of fear
Potions
 d - a potion of ambrosia
 f - 7 potions of lignification
 g - a potion of resistance {unknown}
 h - 2 potions of mutation
 o - 14 potions of curing
 p - 4 potions of brilliance
 q - 4 potions of flight
 s - 2 potions of might
 u - a potion of degeneration {unknown}
 C - 3 potions of magic
 I - 2 potions of cancellation
 Q - a potion of attraction {unknown}
Miscellaneous
 A - a lightning rod (4/4)


   Skills:
 + Level 5.2 Fighting
 + Level 0.4(1.8) Short Blades
 + Level 2.9(3.0) Long Blades
 + Level 4.8 Maces & Flails
 + Level 0.8 Throwing
 + Level 5.2 Armour
 + Level 6.2 Dodging
 + Level 4.7 Stealth
 + Level 3.1 Shields
 + Level 11.6 Spellcasting
 + Level 9.2 Conjurations
 + Level 1.0 Transmutations
 + Level 0.1 Fire Magic
 + Level 0.2 Air Magic
 + Level 11.4 Earth Magic
 + Level 1.4 Poison Magic
 + Level 0.9 Evocations


You couldn't memorise any spells.
You knew the following spells:

 Your Spells              Type           Power      Damage    Failure   Level
a - Sandblast             Erth           100%       2d20      1%          1
b - Passwall              Tmut/Erth      47%        N/A       1%          2
c - Stone Arrow           Conj/Erth      100%       3d13      1%          3
d - Ignite Poison         Fire/Tmut/Pois 25%        N/A       5%          3
e - Mephitic Cloud        Conj/Pois/Air  43%        N/A       1%          3
f - Petrify               Tmut/Erth      57%        N/A       1%          4
g - Tukima's Dance        Hex            19%        N/A       9%          3
h - Teleport Other        Tloc           19%        N/A       9%          3
i - Freezing Cloud        Conj/Ice/Air   20%        6-21      21%         5
j - Fulminant Prism       Conj/Hex       24%        3d13      4%          4
k - Iskenderun's Mystic   Conj/Tloc      49%        2d11      4%          4

Your spell library contained the following spells:

 Spells                   Type           Power      Damage    Failure   Level
 Lee's Rapid Deconstruct  Erth           38%        3d20*     1%          5
 Necrotise                Necr           76%        1d7       2%          1
 Hailstorm                Conj/Ice       49%        3d11      4%          4
 Gell's Gravitas          Tloc           19%        N/A       9%          3
 Lesser Beckoning         Tloc           19%        N/A       9%          3
 Ozocubu's Armour         Ice            19%        N/A       9%          3
 Portal Projectile        Hex/Tloc       38%        N/A       9%          3
 Vampiric Draining        Necr           19%        2d7       9%          3
 Ice Form                 Ice/Tmut       22%        N/A       22%         4
 Anguish                  Hex/Necr       9%         N/A       26%         4
 Blade Hands              Tmut           13%        N/A       43%         5
 Agony                    Necr           19%        N/A       58%         5
 Metabolic Englaciation   Hex/Ice        9%         N/A       58%         5
 Simulacrum               Ice/Necr       9%         N/A       99%         6
 Enfeeble                 Hex            9%         N/A       100%        7


Dungeon Overview and Level Annotations

Branches:
Dungeon (14/15)            Temple (0/1) D:6            Lair (3/5) D:10
 Shoals (0/4) Lair:2        Snake (0/4) Lair:2          Orc (0/2) D:12
 Vaults (0/5) D:14

Altars:
Cheibriados
Gozag
Hepliaklqana
Nemelex Xobeh
Ru
Sif Muna
Trog
Vehumet

Shops:
D:6 *:   D:8 =:

Annotations:
D:5 Grinder


Innate Abilities, Weirdness & Mutations

You have very sharp fingernails.
You are mostly covered in slimy green scales. (AC +3)
You frequently emit foul miasma when damaged in melee.
A meltable shield of frost defends you. (SH +0)


Message History

Cheibriados appreciates the change of pace.
The ironbound preserver barely misses you.
The efreet hits you with a +1 scimitar of flaming!
Your condensation shield dissipates!
The efreet burns you. The freezing wraith closely misses you.
The freezing wraith hits you but does no damage.
The stone arrow hits the ironbound preserver!!
The ironbound preserver is moderately wounded.
The ironbound preserver hits you but does no damage.
The efreet closely misses you. The freezing wraith hits you!
The freezing wraith freezes you! The freezing wraith hits you.
The freezing wraith drains your vigour!
You feel as though you will be slow longer.
The ironbound preserver hits you but does no damage.
The efreet gestures at you. The bolt of fire misses you.
The freezing wraith barely misses you.
The freezing wraith hits you but does no damage.
You are too injured to fight recklessly!
Unknown command.
As you read the scroll of teleportation, it crumbles to dust.
You feel strangely unstable. The ironbound preserver misses you.
The efreet completely misses you. The freezing wraith hits you!
The freezing wraith freezes you!!
* * * LOW HITPOINT WARNING * * *
The freezing wraith hits you.
* * * LOW HITPOINT WARNING * * *
The freezing wraith drains your vigour!
You feel as though you will be slow longer.
Unknown command.
You feel much better.
The ironbound preserver mumbles some strange words.
The ironbound preserver begins to accept its allies' injuries.
The efreet closely misses you. The freezing wraith hits you.
* * * LOW HITPOINT WARNING * * *
The freezing wraith freezes you!
* * * LOW HITPOINT WARNING * * *
The freezing wraith completely misses you.
The efreet closely misses you.
The ironbound preserver hits you with a +0 morningstar!!
You die...

#....#∩....#..#
##....#.....#..#
###.....#.....#..#
#.......#..l..'..#
...##.#..#.Rp. '..#
#.#
#.#.########..#++###
..
..#[................ .
.(.#.........pR......
.##.#######++#@W######
(. #.# #..+ .. #.#
#..+ #..# #..# .#..#
###..# #.$. #..$


You could see an ironbound preserver, a freezing wraith (sheltered) and an
efreet (sheltered).

Vanquished Creatures
  A fire dragon (D:11)
  A rakshasa (D:11)
  2 boulder beetles
  5 centaur warriors
  4 two-headed ogres
  A tengu warrior (D:11)
  Sonja (Lair:3)
  An orc knight (D:11)
  Pikel (D:7)
  An oklob plant (Lair:2)
  An ugly thing (D:14)
  2 deep elf pyromancers
  3 manticores
  5 cyclopes
  A guardian serpent (Lair:2)
  6 cane toads
  Joseph (D:7)
  2 kobold demonologists
  5 komodo dragons
  An efreet (D:11)
  A freezing wraith (D:11)
  A yaktaur (D:11)
  5 unseen horrors
  2 hornets
  3 trolls (D:11)
  6 slime creatures
  5 blink frogs (Lair:3)
  2 shadows (D:11)
  4 wyverns
  27 yaks
  2 wraiths (D:11)
  4 vampires
  3 basilisks
  2 steam dragons
  Grum (D:8)
  7 vampire mosquitoes
  Edmund (D:6)
  2 acid dragons
  Duvessa (D:7)
  6 water moccasins
  2 sky beasts
  5 black bears
  5 orc warriors
  8 wolves
  15 centaurs
  2 ogres
  2 lemures (D:7)
  A phantom (D:6)
  2 kobold brigands (D:11)
  2 necrophages (D:6)
  A scorpion (D:6)
  4 bullfrogs
  Dowan (D:7)
  A killer bee (D:9)
  2 electric eels
  6 howler monkeys
  8 orc priests
  Crazy Yiuf (D:4)
  2 hounds
  A gnoll bouda (D:3)
  Natasha (thrice) (D:4)
  19 orc wizards
  2 iguanas
  12 gnolls
  4 adders
  A shadow imp (D:7)
  3 white imps
  2 worms
  4 dart slugs
  42 orcs
  5 endoplasms
  5 giant cockroaches
  4 goblins
  11 hobgoblins
  8 jackals
  13 kobolds
  4 quokkas
  6 ball pythons
  6 bats
  5 frilled lizards
  6 rats
366 creatures vanquished.

Vanquished Creatures (others)
  5 orcs (D:12)
  15 fungi
  63 plants
83 creatures vanquished.

Grand Total: 449 creatures vanquished

Notes
Turn   | Place    | Note
-------+----------+-------------------------------------------
     0 | D:1      | DemonSlayer the Demonspawn Earth Elementalist began the
                  | quest for the Orb.
     0 | D:1      | Reached XP level 1. HP: 13/13 MP: 3/3
   499 | D:1      | Found a faded altar of an unknown god.
   541 | D:2      | Gained mutation: You are partially covered in slimy green
                  | scales. (AC +2) [demonic ancestry]
   541 | D:2      | Reached XP level 2. HP: 19/19 MP: 1/5
   544 | D:2      | Learned a level 2 spell: Passwall
  1036 | D:1      | Reached XP level 3. HP: 24/24 MP: 3/6
  1873 | D:1      | Learned a level 3 spell: Stone Arrow
  2072 | D:2      | Found a shimmering blue altar of Sif Muna.
  2085 | D:2      | Gained mutation: A meltable shield of frost defends you.
                  | (SH +0) [demonic ancestry]
  2085 | D:2      | Reached XP level 4. HP: 24/30 MP: 2/7
  2689 | D:3      | Reached XP level 5. HP: 33/36 MP: 3/9
  3117 | D:3      | Gained mutation: You have sharp fingernails. [demonic
                  | ancestry]
  3117 | D:3      | Reached XP level 6. HP: 26/42 MP: 6/11
  3543 | D:3      | Reached skill level 1 in Fighting
  4108 | D:3      | Learned a level 3 spell: Ignite Poison
  4112 | D:3      | Learned a level 3 spell: Mephitic Cloud
  4233 | D:4      | Reached skill level 5 in Earth Magic
  4495 | D:4      | Gained mutation: You may rarely emit foul miasma when
                  | damaged in melee. [demonic ancestry]
  4495 | D:4      | Reached XP level 7. HP: 48/48 MP: 8/13
  4577 | D:4      | Found a snail-covered altar of Cheibriados.
  4577 | D:4      | Noticed Natasha
  4578 | D:4      | Found a radiant altar of Vehumet.
  4583 | D:4      | Killed Natasha
  4587 | D:4      | Became a worshipper of Cheibriados the Contemplative
  4647 | D:4      | Noticed Natasha
  4650 | D:4      | Killed Natasha
  4741 | D:4      | Noticed Natasha
  4745 | D:4      | Killed Natasha
  4830 | D:4      | Found a runed translucent door.
  4831 | D:4      | Noticed Crazy Yiuf
  5263 | D:5      | Entered Level 5 of the Dungeon
  5308 | D:5      | Noticed Grinder
  5400 | D:4      | Killed Crazy Yiuf
  5401 | D:4      | Reached skill level 5 in Spellcasting
  5700 | D:6      | Found Ostewn's Tremendous Tomes.
  5723 | D:6      | Found Coufuf's Elemental Accessories.
  5867 | D:6      | Gained mutation: You have very sharp fingernails. [demonic
                  | ancestry]
  5867 | D:6      | Reached XP level 8. HP: 53/54 MP: 10/16
  5979 | D:6      | Reached skill level 1 in Armour
  5997 | D:6      | Noticed Edmund
  6015 | D:6      | Killed Edmund
  6016 | D:6      | Reached skill level 1 in Maces & Flails
  6128 | D:6      | Found a bloodstained altar of Trog.
  6154 | D:6      | Found a staircase to the Ecumenical Temple.
  6255 | D:6      | Reached * piety under Cheibriados
  6764 | D:6      | Learned a level 4 spell: Petrify
  6768 | D:6      | Learned a level 3 spell: Tukima's Dance
  6885 | D:7      | Noticed Duvessa
  6888 | D:7      | Noticed Dowan
  6902 | D:7      | Killed Duvessa
  6906 | D:7      | Killed Dowan
  7143 | D:7      | Reached skill level 1 in Shields
  7145 | D:7      | Gained mutation: You are mostly covered in slimy green
                  | scales. (AC +3) [demonic ancestry]
  7145 | D:7      | Reached XP level 9. HP: 57/61 MP: 0/19
  7305 | D:7      | Noticed Pikel
  7342 | D:7      | Killed Pikel
  7342 | D:7      | Reached ** piety under Cheibriados
  7553 | D:7      | Noticed Joseph
  7569 | D:7      | Killed Joseph
  7953 | D:7      | Found a sacrificial altar of Ru.
  8062 | D:7      | Reached skill level 1 in Conjurations
  8123 | D:7      | Learned a level 3 spell: Teleport Other
  8389 | D:8      | Noticed a two-headed ogre
  8393 | D:8      | Killed a two-headed ogre
  8394 | D:8      | Reached XP level 10. HP: 57/70 MP: 8/21
  8404 | D:8      | Noticed Grum
  8420 | D:8      | HP: 3/70 [Grum/+1 spear (14)]
  8805 | D:8      | Killed Grum
  8994 | D:8      | Noticed a two-headed ogre
  9000 | D:8      | Killed a two-headed ogre
  9179 | D:8      | Found Furyimp's Self-Improvement Boutique.
  9344 | D:8      | Found a sparkling altar of Nemelex Xobeh.
  9344 | D:8      | Found an opulent altar of Gozag.
  9385 | D:8      | Reached *** piety under Cheibriados
  9572 | D:8      | Found Ichym's Jewellery Shoppe.
 10830 | D:9      | Noticed a boulder beetle
 10845 | D:9      | Killed a boulder beetle
 10846 | D:9      | Reached XP level 11. HP: 75/75 MP: 0/23
 11074 | D:9      | Learned a level 5 spell: Freezing Cloud
 11158 | D:10     | Entered Level 10 of the Dungeon
 11291 | D:10     | Found a staircase to the Lair.
 11574 | D:10     | Noticed a deep elf pyromancer
 11583 | D:10     | Killed a deep elf pyromancer
 11584 | D:10     | Reached skill level 1 in Transmutations
 12036 | Lair:1   | Entered Level 1 of the Lair of Beasts
 12041 | Lair:1   | Reached skill level 1 in Poison Magic
 12045 | Lair:1   | Reached **** piety under Cheibriados
 12344 | Lair:1   | Reached skill level 5 in Conjurations
 14349 | Lair:2   | Noticed an oklob plant
 14354 | Lair:2   | Killed an oklob plant
 14424 | Lair:2   | Found a staircase to the Shoals.
 14821 | Lair:2   | Found a staircase to the Snake Pit.
 14871 | Lair:2   | Found a shimmering blue altar of Sif Muna.
 15214 | Lair:2   | Reached skill level 5 in Dodging
 15737 | Lair:3   | Found a sparkling altar of Nemelex Xobeh.
 15924 | Lair:3   | Identified the +4 ring mail of Follow the Leader {rN++
                  | Int-3}
 15997 | Lair:3   | Identified the +1 scale mail "Lasops" {Dex+3}
 16070 | Lair:3   | Reached skill level 10 in Earth Magic
 16077 | Lair:3   | Reached ***** piety under Cheibriados
 16093 | Lair:3   | Gained mutation: You sometimes emit foul miasma when
                  | damaged in melee. [demonic ancestry]
 16093 | Lair:3   | Reached XP level 12. HP: 83/83 MP: 1/25
 16286 | Lair:3   | Noticed Sonja
 16292 | Lair:3   | Killed Sonja
 16373 | Lair:3   | Noticed a boulder beetle
 16380 | Lair:3   | Killed a boulder beetle
 17265 | D:11     | Reached skill level 10 in Spellcasting
 17456 | D:11     | Noticed a centaur warrior
 17649 | D:11     | Noticed a rakshasa
 17891 | D:11     | Noticed a fire dragon
 17893 | D:11     | Killed a rakshasa
 17959 | D:11     | Noticed a centaur warrior
 17962 | D:11     | Killed a fire dragon
 18087 | D:11     | Killed a centaur warrior
 18301 | D:11     | Reached skill level 5 in Armour
 18468 | D:11     | Killed a centaur warrior
 18623 | D:11     | Gained mutation: You frequently emit foul miasma when
                  | damaged in melee. [demonic ancestry]
 18623 | D:11     | Reached XP level 13. HP: 69/90 MP: 15/27
 18636 | D:11     | Reached skill level 1 in Long Blades
 20146 | D:12     | Reached ****** piety under Cheibriados
 20461 | D:12     | Found a hazy altar of Hepliaklqana.
 20505 | D:12     | Found a staircase to the Orcish Mines.
 20732 | D:12     | Identified the +1 pair of gloves "Cydwiagu" {-Cast Rampage
                  | rPois Dex+4}
 20794 | D:12     | Learned a level 4 spell: Fulminant Prism
 21630 | D:13     | Reached skill level 5 in Fighting
 22132 | D:13     | Learned a level 4 spell: Iskenderun's Mystic Blast
 22214 | D:14     | Noticed an ironbound preserver
 22216 | D:14     | Found a gate to the Vaults.
 22238 | D:14     | Mangled by an ironbound preserver

Illustrated notes

Levels and vault maps discovered:
D:1:      dpeg_arrival_pond, layout_loops_ring, basic_ecumenical_altar
D:2:      layout_basic, basic_altar, serial_bayou_lagoon_a,
          minmay_worlds_worst_comb
D:3:      layout_basic, nicolae_grassy_gnolls
D:4:      layout_basic, gammafunk_temple_overflow_statue, uniq_natasha,
          uniq_crazy_yiuf_cottage
D:5:      layout_cave_pods, mainiacjoe_overflow_cross_hatched, uniq_grinder,
          uniq_eustachio
D:6:      layout_basic, trog_ov_bears_minmay, minmay_temple_entry_poolview,
          nicolae_elemental_shop, minmay_misc_feat_nine_boxes,
          nicolae_shop_i_like_big_books, kennysheep_potato, uniq_edmund
D:7:      layout_basic, lemuel_doored_altar, enter_ossuary_3, uniq_pikel,
          uniq_duvessa, uniq_joseph
D:8:      layout_loops_ring, grunt_temple_overflow_opulence, serial_shops,
          nicolae_shop_hallway_plus, nicolae_shop_self_help, uniq_grum
D:9:      layout_cave_pods, kennysheep_small_square
D:10:     layout_basic, lair_entry_dummy, serial_curves, eino_curves_03,
          eino_curves_02, eino_curves_02
D:11:     minmay_the_grid_4x2 [minmay_the_grid_box_x,
          minmay_the_grid_minigrid_large, minmay_the_grid_fan,
          minmay_the_grid_rooms, minmay_the_grid_slots,
          minmay_the_grid_small_cups, minmay_the_grid_all_tris,
          minmay_the_grid_prize_four_corners_diamond_a], layout_long_grid
D:12:     layout_stronghold, hiddenorc1_lemuel, nzn_hepliaklqana_mist_gate
D:13:     layout_irregular_city
D:14:     layout_rooms, skrybe_vaults_entry_preservation,
          ebering_dispersal_statue_hall, the_hattery
Lair:1:   layout_cave_pods, beast_lair_carwin_4, infiniplex_staircase_pool,
          serial_bayou_shore_b, lemuel_fruit_fields
Lair:2:   layout_layer_cave, minmay_shoals_entry_centaurs,
          minmay_snake_entry_spellcaster, basic_altar
Lair:3:   layout_hall_layers, basic_altar, grunt_megastairs_3, uniq_sonja

Skill      XL: |  1  2  3  4  5  6  7  8  9 10 11 12 13 |
---------------+----------------------------------------+-----
Earth Magic    | 3 4 5 7 8 9 10 11 | 11.4
Dodging        | 2 3 4 5 6 |  6.2
Spellcasting   | 3 4 5 6 7 8 9 10 11 | 11.6
Stealth        | 2 3 4 |  4.7
Fighting       | 1 3 4 5 |  5.2
Armour         | 1 2 3 4 5 |  5.2
Maces & Flails | 1 3 4 |  4.8
Shields        | 1 2 3 |  3.1
Conjurations   | 2 4 6 8 9 |  9.2
Transmutations | 1 |  1.0
Poison Magic   | 1 |  1.4
Long Blades    | 2 |  2.9
Short Blades   | |  0.4
Throwing       | |  0.8
Fire Magic     | |  0.1
Air Magic      | |  0.2
Evocations     | |  0.9

Action                   |  1- 3 |  4- 6 |  7- 9 | 10-12 | 13-15 || total
-------------------------+-------+-------+-------+-------+-------++-------
Melee: Unarmed           |     5 |       |       |       |       ||     5
       Dagger            |    40 |       |    11 |       |       ||    51
       Mace              |     5 |    30 |     9 |       |       ||    44
       Punch             |       |     1 |       |       |       ||     1
       Dire flail        |       |       |    66 |    91 |       ||   157
       Triple sword      |       |       |       |    13 |    31 ||    44
Throw: Throwing net      |       |       |       |     5 |       ||     5
       Dart              |       |       |       |     3 |       ||     3
 Cast: Sandblast         |    67 |    93 |   114 |       |       ||   274
       Stone Arrow       |       |       |    41 |   257 |   125 ||   423
       Mephitic Cloud    |       |       |       |     4 |       ||     4
       Ignite Poison     |       |       |       |     2 |       ||     2
       Petrify           |       |       |       |     1 |       ||     1
Evoke: Wand              |       |       |     3 |     3 |       ||     6
  Use: Potion            |     1 |     2 |       |     3 |     2 ||     8
       Scroll            |     2 |     2 |     1 |    13 |     6 ||    24
 Stab: Sleeping          |     2 |     1 |     6 |     3 |       ||    12
       Invisible         |       |       |     1 |       |       ||     1
       Distracted        |       |       |     1 |       |       ||     1
       Confused          |       |       |       |     2 |       ||     2
Armor: Robe              |    18 |    27 |    11 |       |       ||    56
       Leather armour    |       |       |    78 |    32 |       ||   110
       Acid dragon scale |       |       |       |    40 |       ||    40
       Troll leather arm |       |       |       |    37 |    86 ||   123
Dodge: Dodged            |    67 |    65 |   133 |   239 |   231 ||   735
Block: Other             |       |    14 |    24 |    55 |    37 ||   130
